 Dungeon Crawl Stone Soup version 0.31-a0-931-g7b59d4eb97 (webtiles) character file.

Game seed: 18131482351715086490

6862 Persephone the Grappler (level 10, -13/106 HPs)
             Began as a Troll Shapeshifter on Oct 19, 2023.
             Was an Elder of Trog.
             Mangled by a snapping turtle (shapeshifter) (23 damage)
             ... on level 9 of the Dungeon.
             The game lasted 00:16:25 (7403 turns).

Persephone the Grappler (Troll Shapeshifter)        Turns: 7403, Time: 00:16:25

Health: -13/106    AC: 10    Str: 28    XL:     10   Next: 78%
Magic:  9/9        EV:  9    Int:  6    God:    Trog [****..]
Gold:   478        SH:  0    Dex:  9    Spells: 9/9 levels left

rFire   . .          .
                       - Unarmed
rCold   . . .        (no shield)
rNeg    . . .        r - +1 swamp dragon scales
rPois   +            (helmet currently unavailable)
rElec   .            (cloak currently unavailable)
rCorr   .            (gloves unavailable)
SInv    .            (boots unavailable)
Will    ++...        (no amulet) Stlth
                     (no ring)
HPRegen 2.17/turn    (no ring)
MPRegen 0.11/turn

%: no passive effects
@: beast-form, strong-willed (expiring), regenerating (expiring)
A: beast (slay +4), large, unfitting armour, claws 3, regeneration 1, shaggy fur
1, tough skin 1
a: Begin Untransformation, Renounce Religion, Berserk, Trog's Hand, Brothers in
Arms


You were on level 9 of the Dungeon.
You worshipped Trog.
Trog was greatly pleased with you.
You were a hulking beast.
You visited 2 branches of the dungeon, and saw 10 of its levels.
You also visited: Ossuary and Bailey.

You collected 478 gold pieces.

Inventory:

Missiles
 e - 5 boomerangs (quivered)
Armour
 a - a +0 animal skin
 r - +1 swamp dragon scales (worn)
Jewellery
 y - a ring of flight
 B - a ring of positive energy
Talismans
 c - a beast talisman (active)
 d - a flux talisman
 J - a dragon-blood talisman
Wands
 f - a wand of flame (43)
 m - a wand of iceblast (8)
 x - a wand of quicksilver (2)
Scrolls
 j - 7 scrolls of teleportation
 n - 3 scrolls of fear
 u - 6 scrolls of revelation
 v - a scroll of enchant weapon
 F - 2 scrolls of vulnerability
 G - a scroll of amnesia
 H - 4 scrolls of identify
 K - 2 scrolls of poison
Potions
 b - a potion of lignification
 g - 4 potions of degeneration
 h - 2 potions of brilliance
 i - a potion of magic
 k - a potion of cancellation
 l - 6 potions of curing
 o - 2 potions of might {unknown}
 p - a potion of invisibility {unknown}
 q - a potion of heal wounds
 s - 4 potions of mutation {unknown}
 t - 3 potions of haste {unknown}
 w - a potion of berserk rage {unknown}
 z - 2 potions of ambrosia {unknown}
 D - 2 potions of attraction
 E - a potion of resistance {unknown}


   Skills:
 - Level 8.8 Fighting
 - Level 1.5 Dodging
 - Level 10.8 Unarmed Combat
 + Level 7.9 Shapeshifting


You had 9 spell levels left.
You didn't know any spells.
Your spell library contained the following spells:

 Spells                   Type           Power      Damage    Failure   Level
 Apportation              Tloc           0%         N/A       58%         1
 Sting                    Tmut/Pois      0%         1d3       58%         1
 Jinxbite                 Hex            0%         N/A       73%         2
 Poisonous Vapours        Pois/Air       0%         N/A       73%         2
 Olgreb's Toxic Radiance  Pois           0%         N/A       100%        4
 Alistair's Intoxication  Tmut/Pois      0%         N/A       100%        5


Dungeon Overview and Level Annotations

Branches:
Dungeon (9/15)             Temple (1/1) D:4         Ossuary (visited)
 Bailey (visited)
   Lair: D:8-11         Orc: D:9-12

Altars:
Cheibriados
Dithmenos
Elyvilon
Fedhas
Gozag
Hepliaklqana
Kikubaaqudgha
Makhleb
Nemelex Xobeh
Okawaru
Qazlal
Ru
Sif Muna
Trog
Uskayaw
Vehumet
Wu Jian
Xom
Yredelemnul
Zin

Shops:
D:2 *

Annotations:
D:5 1 runed translucent door


Innate Abilities, Weirdness & Mutations

You are a hulking beast.
Your limbs bulge with bestial killing power. (Slay +4)
You are too large for most types of armour.
You have claws for hands.
Your natural rate of healing is unusually fast.
You are covered in fur. (AC +1)
You have tough skin. (AC +1)


Message History

Your butterfly disappears in a burst of colours!
The centaur warrior hits your butterfly.
Your butterfly dies!
Your butterfly disappears in a burst of colours!
You swap places.
The howler monkey misses your butterfly.
You are no longer corroded.
The centaur warrior barely misses your butterfly.
The centaur warrior kicks your butterfly.
Your butterfly dies!
Your butterfly disappears in a burst of colours!
The acid dragon bites your butterfly.
Your butterfly dies!
Your butterfly disappears in a burst of colours!
Your skin crawls.
You feel strong-willed.
The centaur warrior hits your butterfly.
Your butterfly dies!
Your butterfly disappears in a burst of colours!
You swap places.
The centaur warrior hits your butterfly.
Your butterfly dies!
Your butterfly disappears in a burst of colours!
You feel the effects of Trog's Hand fading.
The centaur warrior wields a +0 shortbow.
The centaur warrior shoots an arrow.
The arrow hits you!!
* * * LOW HITPOINT WARNING * * *
The howler monkey hoots and howls with incredible vigour!
The centaur warrior unwields a +0 shortbow.
The centaur warrior hits you but does no damage.
The centaur warrior closely misses you. The cyclops hits your butterfly!!
Your butterfly dies!
Your butterfly disappears in a burst of colours!
The snapping turtle bites you from afar!
* * * LOW HITPOINT WARNING * * *
You completely miss the centaur warrior.
The centaur warrior hits you but does no damage.
The centaur warrior kicks you but does no damage.
The snapping turtle bites you from afar!!
You die...

...........# ..< +....[.
.......C.h.# .....##..##.
.......D...# ............
...........# ##+#####.###
...........# #...+ .........t.#
######.## ...........# #........
...........############.#.####...
.......b.ChDhtch...b...# #.##
.......b..############## #.##
.....$..(.# #.## ..........# #..'
..........# #### .........# #
##.###### # #/ #


You could see a snapping turtle shaped shifter, a centaur warrior (ally target),
a cyclops, an acid dragon and 2 howler monkeys.

Vanquished Creatures
  Maggie (D:7)
  A gargoyle (Bailey)
  Jeremiah (D:7)
  A shadow (D:7)
  A wraith (D:6)
  Sigmund (D:2)
  A vampire (Bailey)
  The ghost of awesomeguy42 the Grave Robber, an amateur HuNe (D:5)
  Menkaure (D:7)
  2 water moccasins
  3 orc warriors
  An ice beast (D:6)
  3 sky beasts (D:7)
  3 black bears
  3 hornet zombies (Ossuary)
  2 centaurs
  2 ogres
  Blork the orc (D:4)
  5 bullfrogs
  6 wyvern zombies (Ossuary)
  2 scorpions (D:5)
  11 wights
  A water moccasin zombie (Ossuary)
  A killer bee (D:9)
  2 howler monkeys
  7 vampire bats (Bailey)
  5 wolf zombies (Bailey)
  2 bullfrog zombies (Ossuary)
  3 centaur zombies (Ossuary)
  5 hounds
  2 orc priests (D:6)
  A gnoll bouda (D:8)
  Jessica (D:2)
  Terence (D:2)
  An iguana (D:7)
  A sleepcap (D:7)
  8 orc wizards
  4 killer bee zombies (Ossuary)
  13 mummies (Ossuary)
  A howler monkey zombie (Ossuary)
  3 gnolls (D:8)
  6 adders
  A river rat (D:5)
  3 shadow imps
  A white imp (D:5)
  2 ufetubi (D:6)
  2 worms (D:5)
  9 dart slugs
  28 orcs
  7 endoplasms
  2 giant cockroaches
  4 goblins
  10 hobgoblins
  7 jackals
  3 quokkas
  9 ball pythons
  2 bats
  A frilled lizard (D:1)
  2 goblin zombies (D:8)
  7 kobolds
  20 orc zombies (Bailey)
  5 rats
246 creatures vanquished.

Notes
Turn   | Place    | Note
-------+----------+-------------------------------------------
     0 | D:1      | Persephone the Troll Shapeshifter began the quest for the
                  | Orb.
     0 | D:1      | Reached XP level 1. HP: 18/18 MP: 0/0
   198 | D:1      | Reached skill level 1 in Fighting
   199 | D:1      | Found a faded altar of an unknown god.
   222 | D:1      | Reached XP level 2. HP: 27/27 MP: 1/1
   671 | D:2      | Reached XP level 3. HP: 35/35 MP: 2/2
   694 | D:2      | Noticed Jessica
   699 | D:2      | Killed Jessica
   919 | D:2      | Noticed Sigmund
   930 | D:2      | Killed Sigmund
   931 | D:2      | Reached skill level 4 in Unarmed Combat
   931 | D:2      | Reached XP level 4. HP: 43/44 MP: 3/3
   931 | D:2      | Reached XP level 5. HP: 51/52 MP: 4/4
  1007 | D:2      | Found Icwydd's Assorted Antiques.
  1010 | D:2      | Noticed Terence
  1024 | D:2      | Killed Terence
  1117 | D:2      | Identified the +8 short sword of Siupamo {freeze, Str+5}
  1440 | D:3      | Reached XP level 6. HP: 61/61 MP: 5/5
  1555 | D:3      | Reached skill level 5 in Unarmed Combat
  1696 | D:3      | Noticed a water moccasin
  1700 | D:3      | Killed a water moccasin
  2016 | D:4      | Reached XP level 7. HP: 21/68 MP: 6/6
  2492 | D:4      | Found a sacrificial altar of Ru.
  2697 | D:4      | Found a staircase to the Ecumenical Temple.
  2737 | Temple   | Entered the Ecumenical Temple
  2745 | Temple   | Became a worshipper of Trog the Wrathful
  2830 | D:4      | Noticed Blork the orc
  2833 | D:4      | Reached skill level 6 in Unarmed Combat
  2837 | D:4      | Killed Blork the orc
  2964 | D:5      | Entered Level 5 of the Dungeon
  3150 | D:5      | Reached skill level 5 in Fighting
  3150 | D:5      | Reached XP level 8. HP: 71/80 MP: 7/7
  3177 | D:5      | Reached * piety under Trog
  3195 | D:5      | Reached skill level 5 in Shapeshifting
  3450 | D:5      | Reached skill level 7 in Unarmed Combat
  3669 | D:5      | Found a runed translucent door.
  3677 | D:5      | Noticed awesomeguy42's ghost (amateur HuNe)
  3718 | D:5      | Found a runed translucent door.
  3766 | D:5      | Killed awesomeguy42's ghost
  4081 | D:6      | Reached skill level 8 in Unarmed Combat
  4081 | D:6      | Reached XP level 9. HP: 67/89 MP: 8/8
  4821 | D:7      | Reached ** piety under Trog
  4984 | D:7      | Found a flagged portal.
  5004 | Bailey   | Entered a bailey
  5113 | Bailey   | Reached skill level 9 in Unarmed Combat
  5347 | Bailey   | Reached *** piety under Trog
  5356 | Bailey   | Noticed a gargoyle
  5363 | Bailey   | Killed a gargoyle
  5382 | Bailey   | HP: 1/93 [vampire/+1 vampiric glaive (4)]
  5464 | Bailey   | Identified the +1 scale mail of the Forsaken Ships {rN+
                  | Str+2}
  5631 | D:7      | Noticed Maggie
  5636 | D:7      | Killed Maggie
  5637 | D:7      | Reached XP level 10. HP: 104/104 MP: 9/9
  5815 | D:7      | Noticed Jeremiah
  5825 | D:7      | Killed Jeremiah
  5832 | D:7      | Reached skill level 10 in Unarmed Combat
  5976 | D:7      | Noticed Menkaure
  5985 | D:7      | Killed Menkaure
  6178 | D:8      | Found a sand-covered staircase.
  6197 | Ossuary  | Entered an ossuary
  6442 | Ossuary  | Reached **** piety under Trog
  7129 | D:8      | Found a radiant altar of Vehumet.
  7369 | D:9      | Noticed an elephant
  7373 | D:9      | an elephant changed into a sea snake
  7373 | D:9      | Noticed a sea snake (shapeshifter)
  7376 | D:9      | Noticed a centaur warrior
  7377 | D:9      | Noticed a cyclops
  7382 | D:9      | a sea snake changed into a snapping turtle
  7403 | D:9      | Mangled by a snapping turtle (shapeshifter)

Illustrated notes

Levels and vault maps discovered:
D:1:      psy_arrival_dodecagon, layout_loops_ring, ebering_ecumenical_altar_box
D:2:      layout_basic, serial_shops, shop, uniq_jessica, uniq_terence,
          uniq_sigmund
D:3:      layout_loops_ring
D:4:      layout_loops_corners, nicolae_ru_the_path_less_chosen,
          minmay_temple_entry_antechambers, minmay_misc_feat_roman,
          kennysheep_big_empty_room, kennysheep_generic_room_2,
          uniq_blork_the_orc
D:5:      minmay_inner_zag, layout_loops_ring, ebering_ghost_sewer_f
D:6:      layout_basic
D:7:      layout_loops_corners, enter_bailey_2, grunt_ministairs_15,
          glass_columns_a, uniq_jeremiah, uniq_menkaure, uniq_maggie
D:8:      layout_gridville, mainiacjoe_overflow_alcove_1, enter_ossuary_4
D:9:      cheibrodos_fzero, layout_basic
Temple:   nicolae_temple_two_arcs

Skill      XL: |  1  2  3  4  5  6  7  8  9 10 |
---------------+-------------------------------+-----
Fighting       | 1 2 3 5 6 7 8 |  8.8
Unarmed Combat | 4 5 6 8 9 10 | 10.8
Shapeshifting  | 4 5 6 7 |  7.9
Dodging        | |  1.5

Action                     |  1- 3 |  4- 6 |  7- 9 | 10-12 || total
---------------------------+-------+-------+-------+-------++-------
  Melee: Unarmed           |    45 |    61 |   298 |   199 ||   603
         Punch             |     2 |       |    11 |     9 ||    22
  Throw: Boomerang         |    30 |    27 |    23 |     7 ||    87
 Invoke: Berserk           |       |       |     2 |     1 ||     3
         Trog's Hand       |       |       |       |     5 ||     5
    Use: Scroll            |       |     7 |     9 |     4 ||    20
         Potion            |       |       |     3 |       ||     3
 Armour: Animal skin       |    28 |    47 |   212 |       ||   287
         Swamp dragon scal |       |       |       |   165 ||   165
  Dodge: Dodged            |    22 |    21 |   111 |    82 ||   236

Table legend: (Time is in decaauts)
 A = Elapsed time spent in this place.
 B = Non-inter-level travel time spent in this place.
 C = Inter-level travel time spent in this place.
 D = Time resting spent in this place.
 E = Time spent auto-exploring this place.
 F = Levels seen in this place.
 G = Mean time per level.
                   A        B        C        D        E       F      G
               +--------+--------+--------+--------+--------+-----+--------+
         Total |   7378 |   7139 |    239 |      0 |   5629 |  12 |  614.8 |
       Dungeon |   6477 |   6252 |    225 |      0 |   5117 |   9 |  719.7 |
        Temple |     16 |      2 |     14 |      0 |      0 |   1 |   16.0 |
       Ossuary |    380 |    380 |      0 |      0 |    218 |   1 |  380.0 |
        Bailey |    503 |    503 |      0 |      0 |    294 |   1 |  503.0 |
               +--------+--------+--------+--------+--------+-----+--------+

Top non-repeatable levels by time:
     D:4: 1058 daAuts
     D:6: 935 daAuts
     D:7: 885 daAuts
     D:5: 845 daAuts
     D:8: 754 daAuts
     D:2: 743 daAuts
     D:1: 607 daAuts
     D:3: 546 daAuts
  Bailey: 503 daAuts
 Ossuary: 380 daAuts
     D:9: 101 daAuts
  Temple: 16 daAuts
